 Dungeon Crawl Stone Soup version 0.28-a0-695-gff097466f2 (webtiles) character file.

Game seed: 7825120145144086650

991 KristoblXynda the Sneak (level 7, -3/55 HPs)
             Began as a Vampire Gladiator on Oct 22, 2021.
             Was a Priest of Okawaru.
             Slain by a wight (7 damage)
             ... on level 5 of the Dungeon.
             The game lasted 00:06:22 (5435 turns).

KristoblXynda the Sneak (Vampire Gladiator)         Turns: 5435, Time: 00:06:23

Health: -3/55      AC:  8    Str: 15    XL:     7   Next: 98%
Magic:  7/7        EV: 13    Int: 11    God:    Okawaru [***...]
Gold:   271        SH:  0    Dex: 15    Spells: 6/6 levels left

rFire   . . .      SeeInvis +   a - +0 long sword
rCold   . . .      Faith    +   (no shield)
rNeg    . . .      Spirit   .   n - +0 ring mail
rPois   .          Reflect  .   c - +0 helmet
rElec   .          Harm     .   b - scarf {repulsion}
rCorr   .          Rampage  .   k - +1 pair of gloves
Will    .....                   (no boots)
Stlth   +++.......              m - amulet of faith
HPRegen 0.38/turn               (no ring)
MPRegen 0.10/turn               (no ring)

@: healing quickly, repel missiles
A: alive, fangs 3, see invisible, vampiric 2
a: Exsanguinate, Renounce Religion, Heroism


You were on level 5 of the Dungeon.
You worshipped Okawaru.
Okawaru was most pleased with you.
You visited 2 branches of the dungeon, and saw 6 of its levels.

You collected 271 gold pieces.

Inventory:

Hand Weapons
 a - a +0 long sword (weapon)
Missiles
 d - 2 throwing nets (quivered)
Armour
 b - a scarf of repulsion (worn)
 c - a +0 helmet (worn)
 k - a +1 pair of gloves (worn)
 n - a +0 ring mail (worn)
Jewellery
 m - an amulet of faith (around neck)
Wands
 r - a wand of polymorph (7)
Scrolls
 e - 2 scrolls of amnesia
 f - a scroll of blinking
 i - a scroll of fear {unknown}
 l - a scroll of acquirement {unknown}
 q - a scroll of identify {unknown}
 t - a scroll of brand weapon {unknown}
Potions
 g - a potion of haste {unknown}
 h - a potion of resistance {unknown}
 j - 3 potions of brilliance {unknown}
 o - a potion of flight {unknown}
 p - a potion of curing
 s - a potion of ambrosia {unknown}


   Skills:
 + Level 4.5 Fighting
 + Level 5.4 Long Blades
 - Level 2.0 Throwing
 + Level 6.0 Dodging
 + Level 6.6 Stealth


You had 6 spell levels left.
You didn't know any spells.
Your spell library contained the following spells:

 Spells                   Type           Power      Damage    Failure   Level
 Corpse Rot               Necr/Air       0%         N/A       71%         2
 Poisonous Vapours        Pois/Air       0%         N/A       71%         2


Dungeon Overview and Level Annotations

Branches:
Dungeon (5/15)             Temple (1/1) D:4

Altars:
Ashenzari
Dithmenos
Fedhas
Gozag
Hepliaklqana
Kikubaaqudgha
Nemelex Xobeh
Okawaru
Sif Muna
Trog
Uskayaw
Vehumet
Wu Jian
Xom
Yredelemnul
The Shining One
Beogh

Shops:
D:1 =   D:2 (   D:5 =


Innate Abilities, Weirdness & Mutations

Your natural rate of healing is accelerated.
You have razor-sharp teeth.
You have supernaturally acute eyesight. (SInv)
You are afflicted with vampirism and can become a bat while bloodless.


Message History

A wight is nearby!
A wight is nearby!
A wight is nearby!
You hit the wight.
The wight is moderately damaged.
The wight barely misses you.
You closely miss the wight.
The wight is moderately damaged.
The wight barely misses you.
You barely miss the wight.
The wight is moderately damaged.
The wight closely misses you. The wight misses you.
You barely miss the wight.
The wight is moderately damaged.
The wight hits you with a +2 battleaxe!
You hit the wight but do no damage.
The wight is moderately damaged.
The wight hits you with a +2 battleaxe!
You hit the wight but do no damage.
The wight is moderately damaged.
The wight barely misses you.
You hit the wight but do no damage. Your bite misses the wight.
The wight is moderately damaged.
The wight closely misses you.
You hit the wight but do no damage.
The wight is moderately damaged.
The wight hits you with a +2 battleaxe.
You hit the wight.
The wight is heavily damaged.
The wight hits you with a +2 battleaxe!
* * * LOW HITPOINT WARNING * * *
You barely miss the wight. Your bite misses the wight.
The wight is heavily damaged.
The wight hits you with a +2 battleaxe!
* * * LOW HITPOINT WARNING * * *
The wight barely misses you.
You hit the wight.
The wight is severely damaged.
The wight hits you with a +2 battleaxe!
You die...

# ####..#####......########### #
#.............#### #........ #
###.........##########........
####.............................
.....#........###########........
.............[#####..............
...................(........#####
..............######...######
................@z.....#
....###############....# ....#
...# ....# ..# ....# .# ....# #
#####


You could see a wight.

Vanquished Creatures
  A black bear (D:5)
  2 ice beasts (D:5)
  2 ogres (D:5)
  A water moccasin skeleton (D:4)
  2 wights (D:5)
  2 orc priests
  A centaur skeleton (D:5)
  A jelly (D:4)
  4 iguanas
  A killer bee zombie (D:4)
  A howler monkey skeleton (D:5)
  3 gnolls (D:3)
  4 adders
  2 white imps (D:5)
  An adder skeleton (D:5)
  4 worms
  2 dart slugs
  13 orcs
  3 ball pythons
  2 bat zombies (D:4)
  3 endoplasms
  2 giant cockroaches (D:1)
  3 goblins
  2 hobgoblins
  4 quokkas
  A bat (D:1)
  3 frilled lizards
  A kobold (D:3)
  6 rats
77 creatures vanquished.

Notes
Turn   | Place    | Note
-------+----------+-------------------------------------------
     0 | D:1      | KristoblXynda the Vampire Gladiator began the quest for the
                  | Orb.
     0 | D:1      | Reached XP level 1. HP: 16/16 MP: 1/1
    67 | D:1      | Found Quorruj's Jewellery Shoppe.
   250 | D:1      | Reached XP level 2. HP: 22/22 MP: 2/2
   475 | D:2      | Found an iron altar of Okawaru.
   685 | D:2      | Became a worshipper of Warmaster Okawaru
   917 | D:2      | Found a faded altar of an unknown god.
  1235 | D:2      | Found Rosh's Weapon Shop.
  1381 | D:3      | Gained mutation: You are afflicted with vampirism and can
                  | become a bat while bloodless. [Vampire growth]
  1381 | D:3      | Reached XP level 3. HP: 22/27 MP: 3/3
  1482 | D:3      | Reached skill level 1 in Stealth
  1836 | D:3      | Reached XP level 4. HP: 34/34 MP: 4/4
  2624 | D:4      | Found an iron altar of Okawaru.
  2624 | D:4      | Found a blossoming altar of Fedhas.
  2624 | D:4      | Found an opulent altar of Gozag.
  2624 | D:4      | Found a radiant altar of Vehumet.
  2668 | D:4      | Found an ancient bone altar of Kikubaaqudgha.
  2977 | D:4      | Reached XP level 5. HP: 17/40 MP: 5/5
  2987 | D:4      | Reached * piety under Okawaru
  3278 | D:4      | Found a staircase to the Ecumenical Temple.
  3288 | Temple   | Entered the Ecumenical Temple
  3615 | D:4      | Reached XP level 6. HP: 27/47 MP: 6/6
  4067 | D:5      | Entered Level 5 of the Dungeon
  4316 | D:5      | Reached skill level 5 in Dodging
  4450 | D:5      | Reached skill level 5 in Stealth
  4589 | D:5      | Reached ** piety under Okawaru
  4590 | D:5      | Reached XP level 7. HP: 19/48 MP: 7/7
  4840 | D:5      | Found Opupsiqoi's Jewellery Shop.
  5195 | D:5      | Reached skill level 5 in Long Blades
  5339 | D:5      | Reached *** piety under Okawaru
  5435 | D:5      | Slain by a wight

Illustrated notes

Levels and vault maps discovered:
D:1:      dpeg_arrival_leaves_temple_mockup, layout_basic, serial_shops,
          nicolae_shop_behind_doors, minmay_pentomino_u2
D:2:      layout_basic, basic_altar, serial_shops, shop,
          hellmonk_ecumenical_altar_defaced_shrine, moated_statue,
          kennysheep_generic_room_15
D:3:      layout_basic
D:4:      layout_basic, lemuel_zombie_altar_kikubaaqudgha,
          grunt_temple_overflow_open, minmay_temple_entry_glassed_door
D:5:      layout_rooms, serial_shops, shop, nicolae_shop_waterfront,
          minmay_misc_feat_pillars, minmay_circle_x
Temple:   compressed_dpeg_circular_temple

Skill      XL: |  1  2  3  4  5  6  7 |
---------------+----------------------+-----
Fighting       | 2 3 4 |  4.5
Throwing       | 2 |  2.0
Stealth        | 1 2 3 5 6 |  6.6
Dodging        | 4 5 6 |  6.0
Long Blades    | 4 5 |  5.4

Action                   |  1- 3 |  4- 6 |  7- 9 || total
-------------------------+-------+-------+-------++-------
Melee: Long sword        |    83 |   150 |    78 ||   311
       Bite              |     8 |    16 |     9 ||    33
Throw: Throwing net      |       |     2 |       ||     2
  Use: Scroll            |       |     2 |     1 ||     3
       Potion            |       |     2 |       ||     2
 Stab: Sleeping          |       |     1 |     3 ||     4
Armor: Leather armour    |    17 |    25 |       ||    42
       Ring mail         |       |     4 |    33 ||    37
Dodge: Dodged            |    55 |   103 |    46 ||   204

Table legend: (Time is in decaauts)
 A = Elapsed time spent in this place.
 B = Non-inter-level travel time spent in this place.
 C = Inter-level travel time spent in this place.
 D = Time resting spent in this place.
 E = Time spent auto-exploring this place.
 F = Levels seen in this place.
 G = Mean time per level.
                   A        B        C        D        E       F      G
               +--------+--------+--------+--------+--------+-----+--------+
         Total |   5501 |   5238 |    263 |   1465 |   2921 |   6 |  916.8 |
       Dungeon |   5391 |   5153 |    238 |   1465 |   2843 |   5 | 1078.2 |
        Temple |    109 |     84 |     25 |      0 |     78 |   1 |  109.0 |
               +--------+--------+--------+--------+--------+-----+--------+

Top non-repeatable levels by time:
     D:4: 1536 daAuts
     D:3: 1314 daAuts
     D:5: 1204 daAuts
     D:2: 925 daAuts
     D:1: 411 daAuts
  Temple: 109 daAuts
